Map: Dusk Towers

Players

Miszu - Winner!

  • Race: Terran Terran
  • League: Master

BlackWizard

  • Race: Protoss Protoss
  • League: Master

VOD

Have the link to the VOD?

Description

Time

  • Played on: July 4, 2016, 5:21 p.m.
  • Length: 4:32
Show
View Real Time Build Order
Export as new Build Order

Miszu Terran - Winner!

Build Orders:  

Get SALT Encoding   

  12  0:00  SCV  
  13  0:12  SCV  
  14  0:18  Supply Depot  
  14  0:24  SCV  
  16  0:43  Barracks  
  15  0:54  Barracks  
  15  1:04  Barracks  
  15  1:30  Marine  
  15  1:31  Barracks  
  16  1:43  Marine  
  16  1:45  Supply Depot  
  17  1:48  Marine  
  17  1:52  Marine  
  19  2:01  Marine  
  19  2:05  Marine  
  21  2:10  Marine  
  21  2:19  Marine  
  22  2:23  Marine  
  22  2:26  Marine  
  22  2:27  Marine  
  25  2:36  Marine  
  24  2:41  Marine  
  24  2:43  Marine  
  25  2:45  Marine  
  26  2:52  Supply Depot  
  26  2:54  Marine  
  26  2:59  Marine  
  26  3:01  Marine  
  26  3:03  Marine  
  29  3:12  Marine  
  30  3:17  Marine  
  30  3:19  Marine  
  29  3:30  Marine x2  
  29  3:34  Marine  
  29  3:37  Marine  
  30  3:47  Marine  
  30  3:48  Marine  
  31  3:52  Marine  
  31  3:55  Marine  
  30  4:05  Marine  
  30  4:06  Marine  
  27  4:10  Marine  
  27  4:13  Marine  
Show
View Real Time Build Order
Export as new Build Order

BlackWizard Protoss 

Build Orders:  

Get SALT Encoding   

  12  0:01  Probe (Chrono Boost)  
  13  0:12  Probe (Chrono Boost)  
  14  0:18  Pylon  
  14  0:22  Probe (Chrono Boost)  
  15  0:36  Probe (Chrono Boost)  
  15  0:37  Gateway  
  16  0:44  Assimilator  
  16  0:47  Probe (Chrono Boost)  
  17  0:58  Probe (Chrono Boost)  
  18  1:10  Gateway, Probe (Chrono Boost)  
  19  1:17  Pylon  
  19  1:20  Assimilator  
  20  1:31  Cybernetics Core  
  19  1:38  Zealot (Chrono Boost)  
  21  1:43  Probe  
  21  2:07  Mothership Core  
  21  2:08  Adept (Chrono Boost)  
  25  2:13  Adept (Chrono Boost)  
  23  2:30  Pylon  
  23  2:37  Pylon  
  23  2:40  Adept (Chrono Boost)  
  25  2:50  Adept (Chrono Boost)  
  25  3:04  Sentry  
  27  3:17  Probe  
  24  3:30  Sentry  
  24  3:37  Adept  
  24  3:40  Probe  
  27  3:52  Probe  
  28  3:56  Adept  
Tags
 
Add a new tag
Caveats
  • Supply blocks, unpowered buildings, or Contaminate may cause inaccurate times.
  • Supply counts are checked every 10 seconds.